 Dungeon Crawl Stone Soup version 0.25-a0-634-gd1561dc703 (webtiles) character file.

Game seed: 11600112561719792305, levelgen mode: deterministic

93 An17 the Chopper (level 4, 32/32 HPs)
             Began as a Human Wanderer on Mar 20, 2020.
             Was a Follower of Dithmenos.
             Got out of the dungeon alive.
             The game lasted 00:05:44 (1464 turns).

An17 the Chopper (Human Wanderer)                   Turns: 1464, Time: 00:05:44

Health: 32/32      AC:  6    Str: 13    XL:     4   Next: 91%
Magic:  4/4        EV: 10    Int: 11    God:    Dithmenos [*.....]
Gold:   180        SH:  0    Dex: 14    Spells: 3/3 levels left

rFire    . . .     SeeInvis .   (no weapon)
rCold    . . .     Gourm    .   (no shield)
rNeg     . . .     Faith    .   b - +1 ring mail
rPois    .         Spirit   .   (no helmet)
rElec    .         Reflect  .   (no cloak)
rCorr    .         Harm     .   (no gloves)
MR       .....                  (no boots)
Stlth    +.........             (no amulet)
HPRegen  0.10/turn              (no ring)
MPRegen  0.09/turn              (no ring)

@: wreathed by umbra
A: no striking features
a: Renounce Religion


You escaped.
You worshipped Dithmenos.
Dithmenos was aware of your devotion.
You were not hungry.

You visited 1 branch of the dungeon, and saw 3 of its levels.

You collected 180 gold pieces.

Inventory:

Hand Weapons
 a - a +2 hand axe
Missiles
 e - 2 boomerangs (quivered)
Armour
 b - a +1 ring mail (worn)
Scrolls
 h - 2 scrolls of magic mapping
 j - a scroll of fog
 l - a scroll of remove curse
 m - a scroll of enchant armour
 n - a scroll of identify
Potions
 c - 2 potions of curing
 f - 3 potions of berserk rage
 g - a potion of brilliance
 i - a potion of flight
 k - 2 potions of degeneration {unknown}
Comestibles
 d - 3 rations


   Skills:
 + Level 1.5 Fighting
 + Level 5.2 Axes
 - Level 1.0 Throwing
 + Level 3.5 Armour
 + Level 1.0 Dodging
   Level 1.0 Evocations


You had 3 spell levels left.
You didn't know any spells.
Your spell library contained the following spells:

 Spells                   Type           Power        Failure   Level  Hunger
 Animate Skeleton         Necr           N/A          58%         1    ##.....
 Apportation              Tloc           #.....       58%         1    ##.....
 Corona                   Hex            #......      58%         1    ##.....
 Summon Small Mammal      Summ           #...         58%         1    ##.....


Dungeon Overview and Level Annotations

Branches:
Dungeon (3/15)

Altars:
Cheibriados
Dithmenos
Yredelemnul


Message History

Dithmenos accepts your prayer!
You have lost your religion!
Yredelemnul does not appreciate desertion!
Dithmenos welcomes you!
You are shrouded in an aura of darkness!
There is a stone staircase leading up here.
You climb upwards.
There is a stone staircase leading down here.
Key pressed, stopping travel.
You are now empty-handed.
There is a stone staircase leading up here.
You climb upwards.
There is a stone staircase leading down here.
Key pressed, stopping travel.
You can't go up here!
You see here a +0 dagger.
You see here 19 arrows.
There is a staircase leading out of the dungeon here.
Are you sure you want to leave the Dungeon?
This will make you lose the game!
You have escaped!

#....#.#.#.#.......#
.....#.#.#.#.#########
######.#.#.#.........#
.# #.#.#.#.#######.# .#
#.#.#.#.......#.# .#
#.#.#.#.#.#####.# .#
###.#...#.#.#...#.#
####>#.#####(#.#.#.#.#
##..>#.....#)#.#@#.#.#
...#######.#.#.###.#.#
.#####.......#.....#.#
.....#######.#######.#
.....#.......#.#.##..##
......................#
.....(.(.[............#
....##..(......)......#
.......#(###..........#


There were no monsters in sight!

Vanquished Creatures
  3 adders (D:2)
  2 oozes
  A worm (D:2)
  3 dart slugs
  4 giant cockroaches
  7 goblins
  4 hobgoblins
  3 jackals (D:1)
  A ball python (D:1)
  A bat (D:1)
  3 frilled lizards
  7 kobolds
  11 rats
50 creatures vanquished.

Notes
Turn   | Place    | Note
-------+----------+-------------------------------------------
     0 | D:1      | An17 the Human Wanderer began the quest for the Orb.
     0 | D:1      | An17 set off with the following items: a +2 hand axe, a +0
                  | ring mail, a potion of curing, a ration
     0 | D:1      | Reached XP level 1. HP: 15/15 MP: 1/1
   125 | D:1      | Reached XP level 2. HP: 17/21 MP: 2/2
   274 | D:1      | Reached XP level 3. HP: 24/26 MP: 3/3
   706 | D:2      | Found a snail-covered altar of Cheibriados.
   775 | D:2      | Reached XP level 4. HP: 28/32 MP: 4/4
   796 | D:2      | Found a basalt altar of Yredelemnul.
   802 | D:2      | Became a worshipper of Yredelemnul the Dark
   866 | D:2      | Reached skill level 5 in Axes
  1294 | D:3      | Reached skill level 1 in Dodging
  1349 | D:3      | Found a faded altar of an unknown god.
  1367 | D:3      | Fell from the grace of Yredelemnul
  1367 | D:3      | Became a worshipper of Dithmenos the Shadowed
  1367 | D:3      | Reached * piety under Dithmenos
  1464 | D:$      | Got out of the dungeon alive.

Levels and vault maps discovered:
D:1:      matt_arrival_spirals, layout_rooms, serial_glass, glass_columns_b,
          glass_columns_b, minmay_small_reverse_x
D:2:      layout_loops_ring, lemuel_round_altar, lemuel_doored_altar
D:3:      layout_basic, nicolae_overflow_crystal_walls,
          chequers_ecumenical_altar_simple_redux, st_stairs_9

Skill      XL: |  1  2  3  4 |
---------------+-------------+-----
Axes           | 5 |  5.2
Dodging        | 1 |  1.0
Fighting       | |  1.5
Throwing       | |  1.0
Armour         | |  3.5
Evocations     | |  1.0

Action                   |  1- 3 |  4- 6 || total
-------------------------+-------+-------++-------
Melee: Hand axe          |    81 |    35 ||   116
  Use: Scroll            |     6 |     1 ||     7
  Eat: Ration            |       |     1 ||     1
Armor: Ring mail         |    34 |     9 ||    43
Dodge: Dodged            |    49 |    21 ||    70

Table legend:
 A = Non-vault XP
 B = Vault XP
 C = Vault XP percentage of total XP
 D = Non-vault monster count
 E = Vault monster count
 F = Vault count percentage of total count
                 A         B        C        D         E       F
            +---------+---------+-------+---------+---------+-------
      Total |     123 |      10 |   7.5 |      46 |       4 |   8.0
            +---------+---------+-------+---------+---------+-------
        D:1 |      39 |      10 |  20.4 |      24 |       4 |  14.3
        D:2 |      77 |       0 |   0.0 |      21 |       0 |   0.0
        D:3 |       7 |       0 |   0.0 |       1 |       0 |   0.0
            +---------+---------+-------+---------+---------+-------
